Map: Moondance

Players

PiLiPiLi - Winner!

  • Race: Protoss Protoss
  • Spawn Location: 6:00

Creature

  • Race: Protoss Protoss
  • Spawn Location: 12:00

Event: DreamHack SC2 Masters 2022 Atlanta (Offline)

VOD

Have the link to the VOD?

Description

Time

  • Played on: Nov. 18, 2022, 11:47 a.m.
  • Length: 11:39

All games in this series

Show
View Real Time Build Order
Export as new Build Order

PiLiPiLi Protoss - Winner!

Build Orders: Oracle Opening 

Get SALT Encoding   

  12  0:02  Probe  
  13  0:14  Probe  
  14  0:18  Pylon  
  14  0:26  Probe (Chrono Boost)  
  15  0:37  Gateway  
  15  0:38  Probe (Chrono Boost)  
  16  0:46  Probe (Chrono Boost)  
  16  0:47  Assimilator  
  17  0:52  Probe  
  17  0:54  Assimilator  
  18  1:04  Probe (Chrono Boost)  
  18  1:08  Gateway  
  19  1:16  Probe (Chrono Boost)  
  20  1:21  Probe (Chrono Boost)  
  20  1:24  Cybernetics Core  
  21  1:31  Probe  
  22  1:38  Pylon  
  22  1:43  Probe  
  23  2:01  Stalker x2  
  23  2:02  Warp Gate  
  23  2:04  Probe  
  28  2:17  Pylon  
  28  2:19  Probe  
  29  2:25  Stargate  
  29  2:34  Stalker  
  31  2:41  Stalker  
  32  2:47  Probe  
  33  3:06  Oracle (Chrono Boost)  
  36  3:19  Nexus  
  36  3:22  Probe  
  37  3:28  Pylon  
  37  3:43  Oracle (Chrono Boost)  
  37  3:45  Probe  
  41  3:52  Twilight Council  
  41  4:01  Probe  
  40  4:11  Pylon  
  40  4:13  Probe  
  41  4:19  Adept x2  
  41  4:23  Blink (Chrono Boost)  
  45  4:27  Probe  
  46  4:33  Probe  
  46  4:37  Shield Battery  
  47  4:40  Probe  
  48  4:46  Robotics Facility  
  48  4:50  Probe  
  49  5:08  Probe  
  49  5:10  Probe  
  49  5:11  Stalker  
  49  5:12  Stalker  
  51  5:18  Gateway  
  51  5:20  Gateway, Probe  
  52  5:22  Probe  
  52  5:23  Pylon  
  53  5:32  Probe  
  53  5:35  Observer (Chrono Boost)  
  55  5:36  Probe  
  55  5:37  Stalker  
  55  5:40  Assimilator  
  58  5:43  Pylon  
  58  5:47  Observer (Chrono Boost)  
  58  5:48  Probe  
  58  5:49  Probe, Pylon  
  61  5:54  Pylon  
  61  5:55  Stalker  
  63  6:02  Probe x2  
  62  6:20  Nexus  
  62  6:21  Stalker x2  
  62  6:24  Pylon  
  66  6:26  Stalker  
  66  6:31  Stalker  
  70  6:34  Probe  
  70  6:35  Probe  
  72  6:44  Gateway  
  72  6:46  Gateway  
  72  6:47  Probe  
  72  6:51  Probe  
  74  6:54  Dark Shrine  
  74  6:58  Charge (Chrono Boost)  
  74  6:59  Shield Battery  
  74  7:00  Probe  
  75  7:03  Probe  
  76  7:12  Probe  
  76  7:13  Gateway x2  
  77  7:18  Probe (Chrono Boost)  
  78  7:22  Gateway  
  78  7:24  Probe (Chrono Boost)  
  78  7:29  Zealot, Sentry  
  84  7:30  Probe (Chrono Boost)  
  84  7:39  Warp Prism (Chrono Boost)  
  84  7:43  Zealot x3  
  92  7:54  Pylon  
  92  8:01  Zealot x3  
  92  8:05  Immortal (Chrono Boost)  
  98  8:06  Zealot  
  98  8:07  Zealot  
  106  8:26  Dark Templar  
  108  8:27  Dark Templar x2  
  108  8:28  Zealot, Dark Templar  
  108  8:29  Zealot x2  
  108  8:30  Zealot  
  104  8:50  Immortal (Chrono Boost)  
  104  8:55  Zealot x4  
  106  8:56  Zealot  
  92  9:15  Robotics Bay  
  90  9:17  Forge  
  90  9:21  Pylon  
  90  9:22  Stalker x4  
  90  9:23  Zealot x5  
  108  9:27  Probe, Assimilator  
  108  9:28  Probe  
  108  9:31  Assimilator  
  110  9:32  Probe  
  110  9:35  Archon  
  109  9:39  Probe  
  109  9:40  Probe  
  109  9:45  Probe  
  108  9:49  Immortal (Chrono Boost)  
  108  9:50  Zealot x9  
  128  10:02  Photon Cannon  
  128  10:03  Photon Cannon  
  128  10:13  Photon Cannon  
  128  10:17  Disruptor (Chrono Boost)  
  131  10:27  Zealot x6  
  134  10:45  Stalker x3  
  134  10:46  Disruptor  
  119  10:58  Zealot x5  
  121  11:12  Zealot x4  
  129  11:18  Stalker  
  129  11:19  Stalker x4  
Show
View Real Time Build Order
Export as new Build Order

Creature Protoss 

Build Orders: Blink Stalkers 

Get SALT Encoding   

  12  0:00  Probe  
  13  0:12  Probe  
  14  0:18  Pylon  
  14  0:24  Probe (Chrono Boost)  
  15  0:37  Probe (Chrono Boost)  
  15  0:38  Gateway  
  16  0:44  Probe (Chrono Boost)  
  16  0:48  Assimilator  
  17  0:51  Probe  
  18  1:03  Probe (Chrono Boost)  
  19  1:05  Assimilator  
  19  1:09  Gateway  
  19  1:13  Probe (Chrono Boost)  
  20  1:18  Probe  
  21  1:26  Cybernetics Core  
  21  1:31  Probe  
  22  1:36  Pylon  
  22  1:43  Probe  
  23  1:55  Probe  
  24  2:02  Stalker  
  24  2:03  Sentry  
  28  2:09  Warp Gate (Chrono Boost)  
  28  2:11  Pylon  
  28  2:26  Pylon  
  28  2:32  Stalker x2  
  32  2:54  Nexus  
  32  2:57  Probe  
  33  3:09  Probe  
  34  3:16  Shield Battery  
  34  3:19  Twilight Council  
  34  3:21  Probe  
  35  3:32  Pylon  
  33  3:42  Probe  
  34  3:50  Sentry, Stalker  
  34  3:54  Probe  
  39  3:56  Blink (Chrono Boost)  
  36  4:06  Probe  
  36  4:11  Probe (Chrono Boost)  
  37  4:19  Probe (Chrono Boost)  
  37  4:22  Stalker  
  41  4:26  Probe (Chrono Boost)  
  41  4:29  Probe (Chrono Boost)  
  42  4:32  Probe (Chrono Boost)  
  42  4:33  Stalker  
  42  4:34  Probe (Chrono Boost)  
  46  4:40  Probe  
  46  4:45  Probe  
  48  4:46  Stalker  
  50  4:53  Probe  
  50  4:57  Probe  
  50  4:59  Stalker  
  52  5:05  Probe (Chrono Boost)  
  48  5:09  Probe (Chrono Boost)  
  47  5:21  Probe (Chrono Boost), Stalker  
  51  5:23  Probe (Chrono Boost)  
  51  5:26  Probe (Chrono Boost)  
  52  5:29  Probe (Chrono Boost)  
  52  5:32  Pylon  
  52  5:35  Probe  
  50  5:41  Probe  
  51  5:45  Nexus  
  51  5:47  Probe  
  52  5:53  Probe  
  52  5:54  Stalker  
  55  5:59  Probe  
  56  6:05  Probe  
  56  6:06  Phoenix  
  57  6:14  Probe  
  57  6:15  Charge (Chrono Boost)  
  57  6:17  Probe, Forge, Gateway  
  59  6:26  Probe  
  59  6:28  Robotics Facility  
  59  6:29  Probe  
  59  6:32  Assimilator  
  61  6:38  Probe  
  61  6:39  Gateway, Stalker  
  64  6:43  Probe  
  64  6:45  Assimilator  
  65  6:48  Pylon  
  65  6:50  Probe  
  65  6:54  Protoss Ground Weapons Level 1 (Chrono Boost)  
  66  7:01  Probe (Chrono Boost)  
  68  7:05  Probe (Chrono Boost)  
  69  7:09  Stalker x2  
  69  7:10  Probe (Chrono Boost)  
  69  7:13  Probe (Chrono Boost)  
  75  7:16  Probe (Chrono Boost)  
  75  7:17  Stalker  
  75  7:19  Probe  
  78  7:25  Pylon  
  78  7:26  Probe (Chrono Boost)  
  78  7:28  Probe (Chrono Boost)  
  80  7:36  Probe (Chrono Boost)  
  83  7:37  Observer (Chrono Boost)  
  83  7:38  Probe (Chrono Boost)  
  83  7:41  Pylon  
  83  7:43  Probe (Chrono Boost)  
  85  7:44  Gateway  
  85  7:45  Probe (Chrono Boost)  
  85  7:46  Gateway  
  85  7:47  Probe (Chrono Boost)  
  85  7:48  Templar Archives  
  85  7:50  Probe  
  84  8:01  Probe  
  86  8:05  Probe  
  86  8:07  Assimilator  
  86  8:13  Gateway  
  86  8:14  Zealot x3  
  86  8:15  Gateway  
  86  8:19  Pylon  
  92  8:29  Zealot  
  92  8:32  Pylon  
  94  8:36  High Templar x2  
  94  8:37  Zealot  
  94  8:41  Archon  
  100  8:43  Zealot x2  
  96  8:49  Observer (Chrono Boost)  
  96  8:50  Probe  
  96  8:53  Probe  
  97  9:01  Zealot x2  
  97  9:02  Probe  
  96  9:10  Observer (Chrono Boost)  
  96  9:11  Probe  
  88  9:18  Zealot x2  
  91  9:30  Zealot  
  93  9:41  Probe  
  94  9:45  Probe  
  94  9:48  Zealot x2  
  94  9:53  Probe  
  94  9:54  Probe  
  94  9:57  Pylon  
  94  9:58  Probe  
  94  9:59  Pylon  
  97  10:01  Pylon  
  97  10:02  Robotics Bay  
  97  10:05  Probe  
  98  10:07  Zealot  
  99  10:19  Nexus  
  94  10:22  Pylon  
  94  10:25  Pylon  
  94  10:28  High Templar x2  
  97  10:34  Zealot  
  95  10:40  Zealot  
  84  10:48  Zealot x2  
  72  10:55  Zealot x2  
  66  11:02  High Templar x4  
  74  11:08  Archon x2  
  64  11:12  Zealot x2  
  66  11:19  High Templar x2  
  66  11:23  Archon  
  70  11:30  Zealot  
  55  11:33  Zealot  
Tags
 
Add a new tag
Caveats
  • Supply blocks, unpowered buildings, or Contaminate may cause inaccurate times.
  • Supply counts are checked every 10 seconds.